 Dungeon Crawl Stone Soup version 0.28-a0-503-g83f2989fac (webtiles) character file.

Game seed: 14203114707283815026

39 Ha714701 the Gusty (level 3, -3/26 HPs)
             Began as a Draconian Air Elementalist on Sept 21, 2021.
             Slain by a gnoll (8 damage)
             ... on level 2 of the Dungeon.
             The game lasted 00:06:26 (1109 turns).

Ha714701 the Gusty (Draconian Air Elementalist)     Turns: 1109, Time: 00:06:27

Health: -3/26      AC:  9    Str: 10    XL:     3   Next: 28%
Magic:  6/6        EV: 12    Int: 16    God:
Gold:   6          SH:  0    Dex: 11    Spells: 5/6 levels left

rFire   . . .      SeeInvis .   d - staff of air
rCold   . . .      Faith    .   (no shield)
rNeg    . . .      Spirit   .   (armour unavailable)
rPois   .          Reflect  .   (helmet restricted)
rElec   +          Harm     .   (no cloak)
rCorr   .          Rampage  .   (no gloves)
Will    .....                   (no boots)
Stlth   ++........              (no amulet)
HPRegen 0.08/turn               e - +4 ring of protection
MPRegen 0.10/turn               (no ring)

@: no status effects
A: AC +5, unfitting armour, cold-blooded
a: no special abilities


You were on level 2 of the Dungeon.
You visited 1 branch of the dungeon, and saw 2 of its levels.

You collected 6 gold pieces.

Inventory:

Hand Weapons
 c - a +0 dagger
Magical Staves
 d - a staff of air (weapon)
Jewellery
 e - a +4 ring of protection (left hand)
Scrolls
 a - a scroll of vulnerability {unknown}
 b - 2 scrolls of amnesia {unknown}
 f - a scroll of brand weapon {unknown}
Potions
 g - 2 potions of berserk rage {unknown}


   Skills:
 * Level 0.5 Staves
 + Level 1.9 Dodging
 + Level 1.8 Stealth
 * Level 2.3 Spellcasting
 + Level 1.0 Conjurations
 * Level 3.9 Air Magic


You had 5 spell levels left.
You knew the following spells:

 Your Spells              Type           Power      Damage    Failure   Level
a - Shock                 Conj/Air       56%        1d6       7%          1

Your spell library contained the following spells:

 Spells                   Type           Power      Damage    Failure   Level
 Static Discharge         Conj/Air       14%        N/A       11%         2
 Swiftness                Air            21%        N/A       12%         3
 Airstrike                Air            10%        N/A       36%         4
 Tukima's Dance           Hex            1%         N/A       52%         3
 Passage of Golubria      Tloc           N/A        N/A       90%         4
 Yara's Violent Unravell  Hex/Tmut       0%         3d3       99%         5


Dungeon Overview and Level Annotations

Branches:
Dungeon (2/15)

Altars:


Innate Abilities, Weirdness & Mutations

Your plain brown scales are hard. (AC +5)
You cannot fit into any form of body armour.
You are cold-blooded and may be slowed by cold attacks.


Message History

You climb downwards.
The gnoll misses you.
There is a stone staircase leading up here.
You feel a surge of power! That beam is likely to hit you.
Continue anyway?
You miscast Shock.
You are very lightly contaminated with residual magic.
Nothing appears to happen.
The gnoll completely misses you.
You hit the gnoll.
The gnoll is lightly wounded.
The gnoll hits you but does no damage.
You hit the gnoll. You tail-slap the gnoll.
The gnoll is severely wounded.
The gnoll hits you with a +0 spear. The gnoll closely misses you.
You hit the gnoll but do no damage.
The gnoll is heavily wounded.
The gnoll closely misses you.
You hit the gnoll but do no damage.
The gnoll is heavily wounded.
The gnoll hits you but does no damage.
You hit the gnoll.
The gnoll is electrocuted.
Your tail-slap misses the gnoll.
The gnoll is almost dead.
The gnoll hits you but does no damage.
You hit the gnoll but do no damage.
The gnoll is almost dead.
The gnoll hits you with a +0 spear!
Your magical contamination has completely faded away.
You hit the gnoll.
You kill the gnoll!
You hit the gnoll.
The gnoll is lightly wounded.
The gnoll barely misses you.
You hit the gnoll.
The gnoll is electrocuted.
The gnoll is moderately wounded.
The gnoll hits you with a +0 flail!
* * * LOW HITPOINT WARNING * * *
The gnoll closely misses you.
You hit the gnoll.
The gnoll is heavily wounded.
The gnoll hits you with a +0 flail!
You die...

### ...
#.#
##.# ##
..#
#.###)#
#.#.#
#g##
#@# #.#
#.# #.#
.># ###


You could see a gnoll.

Vanquished Creatures
  2 gnolls (D:2)
  An endoplasm (D:1)
  A giant cockroach (D:1)
  3 goblins (D:1)
  A hobgoblin (D:1)
  2 kobolds (D:1)
  3 ball pythons (D:1)
  4 bats (D:1)
  3 rats (D:1)
20 creatures vanquished.

Notes
Turn   | Place    | Note
-------+----------+-------------------------------------------
     0 | D:1      | Ha714701 the Draconian Air Elementalist began the quest for
                  | the Orb.
     0 | D:1      | Reached XP level 1. HP: 14/14 MP: 3/3
   215 | D:1      | Reached XP level 2. HP: 20/20 MP: 1/5
   414 | D:1      | Found a faded altar of an unknown god.
   849 | D:2      | Reached XP level 3. HP: 26/26 MP: 2/6
  1109 | D:2      | Slain by a gnoll

Illustrated notes

Levels and vault maps discovered:
D:1:      dpeg_arrival_orchard, layout_basic,
          shapermc_ecumenical_altar_starsandcircs
D:2:      layout_loops_ring

Action                   || total
-------------------------++-------
Melee: Staff             ||    21
       Tailslap          ||     3
 Cast: Shock             ||    31
Armor: Skin              ||     4
Dodge: Dodged            ||    15

Table legend: (Time is in decaauts)
 A = Elapsed time spent in this place.
 B = Non-inter-level travel time spent in this place.
 C = Inter-level travel time spent in this place.
 D = Time resting spent in this place.
 E = Time spent auto-exploring this place.
 F = Levels seen in this place.
 G = Mean time per level.
                   A        B        C        D        E       F      G
               +--------+--------+--------+--------+--------+-----+--------+
         Total |   1115 |   1107 |      8 |    237 |    638 |   2 |  557.5 |
       Dungeon |   1115 |   1107 |      8 |    237 |    638 |   2 |  557.5 |
               +--------+--------+--------+--------+--------+-----+--------+

Top non-repeatable levels by time:
     D:1: 1088 daAuts
     D:2: 27 daAuts
